 Dungeon Crawl Stone Soup version 0.23.2-1-ga50397a (webtiles) character file.

Game seed: 8552655565176320739

189 ohad the Magician (level 5, 0/33 HPs)
             Began as an Octopode Transmuter on May 11, 2019.
             Slain by Pikel
             ... wielding a +2 whip of freezing
              (7 damage)
             ... on level 3 of the Dungeon.
             The game lasted 00:07:24 (2418 turns).

ohad the Magician (Octopode Transmuter)             Turns: 2418, Time: 00:07:25

Health: 0/33       AC:  1    Str:  9    XL:     5   Next: 68%
Magic:  11/11      EV: 13    Int: 19    God:
Gold:   186        SH:  0    Dex: 13    Spells: 3/13 levels left

rFire    . . .     SeeInvis .     - Unarmed
rCold    . . .     Gourm    .   (no shield)
rNeg     . . .     Faith    .   (helmet restricted)
rPois    .         Spirit   .   j - amulet of regeneration
rElec    .         Reflect  .   f - ring of wizardry
rCorr    .         Harm     .   t - +3 ring of intelligence
MR       .....                  (no ring)
Stlth    ++........             (no ring)
HPRegen  0.51/turn              (no ring)
MPRegen  0.12/turn              (no ring)
                                (no ring)
                                (no ring)

@: confused
A: almost no armour, stealthy swim, amphibious, 8 rings, constrict 8, camouflage
1, gelatinous body 1
a: no special abilities


You were on level 3 of the Dungeon.
You were hungry.

You visited 1 branch of the dungeon, and saw 4 of its levels.

You collected 186 gold pieces.

Inventory:

Missiles
 a - 84 arrows
 r - 8 javelins (quivered)
 u - 4 curare-tipped needles
Armour
 q - a +0 hat
Jewellery
 f - a ring of wizardry (left tentacle)
 j - an amulet of regeneration (around mantle)
 t - a +3 ring of intelligence (right tentacle)
 x - an uncursed ring of protection from fire
Scrolls
 e - a scroll of fog {unknown}
 g - a scroll of teleportation {unknown}
 h - a scroll of amnesia {unknown}
 i - a scroll of random uselessness {unknown}
 k - 3 scrolls of identify {unknown}
 m - 2 scrolls of immolation {unknown}
 n - a scroll of remove curse {unknown}
Potions
 b - a potion of magic
 l - a potion of agility {unknown}
 o - a potion of ambrosia
 p - a potion of flight {unknown}
 s - a potion of degeneration {unknown}
 v - a potion of heal wounds {unknown}
 w - 2 potions of resistance {unknown}
Comestibles
 c - 9 rations


   Skills:
 - Level 1.0 Fighting
 - Level 2.0 Dodging
 - Level 3.0 Unarmed Combat
 + Level 4.5 Spellcasting
 - Level 3.0 Transmutations
 - Level 1.4 Ice Magic


You had 3 spell levels left.
You knew the following spells:

 Your Spells              Type           Power        Failure   Level  Hunger
a - Beastly Appendage     Tmut           ###...       1%          1    None
b - Sticks to Snakes      Tmut           ###.....     2%          2    #......
c - Spider Form           Tmut/Pois      ##........   9%          3    ###....
d - Ice Form              Ice/Tmut       ##......     21%         4    ####...

Your spell library contained the following spells:

 Spells                   Type           Power        Failure   Level  Hunger
 Blade Hands              Tmut           ###.......   38%         5    ######.


Dungeon Overview and Level Annotations

Branches:
Dungeon (4/15)
 Temple: D:4-7

Altars:
Dithmenos
Nemelex Xobeh

Annotations:
D:3 Pikel


Innate Abilities, Weirdness & Mutations

You cannot wear most types of armour.
You are very stealthy in the water. (Stealth+)
You are amphibious.
You can wear up to eight rings at the same time.
You can use your tentacles to constrict eight enemies at once.
Your skin changes colour to match your surroundings (Stealth+).
Your rubbery body absorbs attacks. (AC +1, EV +1)


Message History

Pikel freezes you.
* * * LOW HITPOINT WARNING * * *
You hit Pikel but do no damage.
Pikel looks as sick as possible!
Pikel is moderately wounded.
Pikel closely misses you.
Unknown command.
Your transformation has ended.
Okay, then.
It was a potion of magic.
Magic courses through your body. Pikel closely misses you.
It was a potion of ambrosia.
You are confused.
You feel invigorated.
Pikel hits you with a +2 whip of freezing!
* * * LOW HITPOINT WARNING * * *
Pikel freezes you.
* * * LOW HITPOINT WARNING * * *
You bump into the rock wall.
Pikel hits you with a +2 whip of freezing!
You die...

###############
#.............####
#.##.............#
#.##.##.#####.##.#
######.##.##.# #...#.#######
#.........(..####.>.).......>
#.##........p...p.....#.####.
#.##<#.....pK#####.[###.# #.
#..#.#.#####@# #..# #.####.
##.#.#.# #.#####..# #......
#.#<..# #........# #..####
#.###.# #..#####.# #..####
#.# #.#####..# #.# #.>....
#.# #........# #.# ##.####
#.# ######.#.# #.# #.###. #.#
#.#.# #.# #..... #.# #.#.#
#.# #.##..


You could see Pikel and 2 slaves.

Vanquished Creatures
  A bullfrog skeleton (D:3)
  Terence (D:3)
  5 adders
  3 oozes
  A worm (D:2)
  A dart slug (D:3)
  2 orcs (D:3)
  5 giant cockroaches
  11 goblins
  6 hobgoblins
  2 jackals (D:3)
  4 ball pythons
  10 bats
  5 frilled lizards
  6 kobolds
  9 rats
72 creatures vanquished.

Vanquished Creatures (collateral kills)
  A gnoll (D:1)
  A giant cockroach (D:1)
  2 hobgoblins (D:1)
4 creatures vanquished.

Grand Total: 76 creatures vanquished

Notes
Turn   | Place    | Note
-------+----------+-------------------------------------------
     0 | D:1      | ohad the Octopode Transmuter began the quest for the Orb.
     0 | D:1      | Reached XP level 1. HP: 13/13 MP: 3/3
   127 | D:1      | Reached XP level 2. HP: 16/18 MP: 5/5
   178 | D:1      | Learned a level 2 spell: Sticks to Snakes
   536 | D:1      | Reached XP level 3. HP: 21/23 MP: 4/6
   546 | D:1      | Learned a level 3 spell: Spider Form
  1128 | D:2      | Reached skill level 3 in Spellcasting
  1208 | D:2      | Found a shadowy altar of Dithmenos.
  1299 | D:2      | Reached XP level 4. HP: 28/28 MP: 4/8
  1526 | D:3      | Noticed Terence
  1722 | D:3      | Learned a level 4 spell: Ice Form
  1814 | D:3      | Reached skill level 1 in Ice Magic
  1895 | D:3      | Killed Terence
  1895 | D:3      | Reached XP level 5. HP: 33/33 MP: 2/10
  1979 | D:3      | Reached skill level 4 in Spellcasting
  2176 | D:3      | Found a sparkling altar of Nemelex Xobeh.
  2397 | D:4      | Noticed Pikel
  2397 | D:4      | Noticed a slave
  2397 | D:4      | Noticed a slave
  2397 | D:4      | Noticed a slave
  2397 | D:4      | Noticed a slave
  2418 | D:3      | Slain by Pikel

Skill      XL: |  1  2  3  4  5 |
---------------+----------------+-----
Transmutations | 3 |  3.0
Spellcasting   | 3 4 |  4.5
Ice Magic      | 1 |  1.4
Fighting       | |  1.0
Dodging        | |  2.0
Unarmed Combat | |  3.0

Action                   |  1- 3 |  4- 6 || total
-------------------------+-------+-------++-------
Melee: Unarmed           |    90 |    93 ||   183
       Constrict         |    21 |     4 ||    25
       Tentacles         |    10 |     1 ||    11
       Kick              |     7 |       ||     7
 Cast: Beastly Appendage |     9 |     1 ||    10
       Sticks to Snakes  |     4 |     1 ||     5
       Spider Form       |     6 |    11 ||    17
       Ice Form          |       |     3 ||     3
  Use: Potion            |       |     2 ||     2
 Stab: Sleeping          |     2 |     5 ||     7
  Eat: Chunk             |     2 |     5 ||     7
Armor: Skin              |    13 |    18 ||    31
Dodge: Dodged            |    71 |    83 ||   154
